Map: Ever Dream LE

Players

IamLegend - Winner!

  • Race: Terran Terran
  • League: Gold
  • Spawn Location: 1:00

A.I. 1 (Elite)

  • Race: Zerg Zerg
  • Spawn Location: 7:00

VOD

Have the link to the VOD?

Description

Time

  • Played on: Aug. 22, 2020, 6:11 p.m.
  • Length: 18:06
Show
View Real Time Build Order
Export as new Build Order

IamLegend Terran - Winner!

Build Orders: Reaper Expand 

Get SALT Encoding   

  12  0:00  SCV  
  13  0:12  SCV  
  14  0:18  Supply Depot  
  14  0:24  SCV  
  15  0:40  SCV  
  15  0:41  Barracks  
  16  0:50  Refinery  
  16  0:59  SCV  
  17  1:11  SCV  
  19  1:29  Orbital Command  
  18  1:34  Reaper  
  19  1:42  Command Center  
  19  1:58  Supply Depot  
  19  2:02  SCV  
  20  2:14  SCV  
  20  2:15  Factory  
  21  2:23  Refinery  
  21  2:26  SCV  
  22  2:40  SCV  
  23  2:51  Barracks Reactor  
  23  2:52  SCV  
  24  3:10  Hellion  
  27  3:35  SCV  
  27  3:41  SCV  
  27  3:45  Starport  
  27  3:46  Barracks Tech Lab  
  27  3:47  SCV  
  28  3:49  Hellion x2  
  32  3:55  SCV  
  34  4:08  Supply Depot, Orbital Command  
  34  4:09  Supply Depot  
  33  4:10  Hellion  
  33  4:16  Hellion  
  37  4:27  Fusion Core  
  37  4:29  SCV  
  38  4:32  Hellion  
  38  4:35  SCV  
  38  4:37  Hellion  
  43  4:41  SCV  
  44  4:46  Supply Depot  
  44  4:47  SCV  
  44  4:49  Starport Tech Lab  
  45  5:04  Factory  
  45  5:13  Supply Depot  
  45  5:14  SCV  
  46  5:15  Battlecruiser  
  52  5:26  SCV x2  
  54  5:38  SCV  
  54  5:40  Armory  
  55  5:43  SCV  
  56  5:50  SCV  
  56  5:55  SCV  
  56  6:02  Siege Tank, SCV  
  60  6:07  SCV  
  61  6:14  SCV  
  62  6:19  Supply Depot x2, SCV  
  63  6:26  SCV  
  63  6:31  SCV  
  65  6:35  Siege Tank  
  65  6:38  SCV  
  57  7:20  Siege Tank  
  64  7:34  Widow Mine x2  
  64  7:36  SCV  
  65  7:41  Refinery  
  65  7:43  Terran Vehicle And Ship Armor Level 1  
  65  7:44  Refinery  
  65  7:48  SCV  
  66  7:52  Siege Tank  
  66  7:55  Widow Mine x2  
  73  8:24  Siege Tank  
  76  8:36  Hellion x2  
  80  8:57  Hellion x2  
  87  9:07  SCV  
  88  9:13  Armory  
  88  9:19  SCV  
  88  9:22  Hellion x2  
  93  9:25  Battlecruiser, Hellion  
  93  9:26  Command Center  
  98  9:43  Hellion  
  100  9:46  Hellion  
  102  10:08  Hellion  
  102  10:10  Infernal Pre-Igniter  
  104  10:16  Factory  
  104  10:19  Factory  
  103  10:46  SCV x2  
  103  10:48  Siege Tank  
  106  11:01  Hellion  
  106  11:02  Hellion x2  
  112  11:20  Siege Tank  
  112  11:23  Hellion  
  121  11:47  Orbital Command, Hellion x2  
  121  11:52  Siege Tank  
  124  12:34  Supply Depot x2  
  124  12:36  Terran Vehicle And Ship Armor Level 2  
  124  12:37  Supply Depot, Terran Vehicle Weapons Level 1  
  124  12:55  Siege Tank  
  124  12:56  Hellion x2  
  124  12:57  Supply Depot  
  131  12:59  Supply Depot  
  131  13:00  Supply Depot  
  131  13:01  Supply Depot x2  
  131  13:17  Orbital Command, Hellion x2  
  139  13:26  Factory Tech Lab x2  
  135  13:27  Siege Tank  
  138  13:38  Hellion  
  140  13:51  SCV  
  141  13:58  Supply Depot  
  141  13:59  Supply Depot  
  141  14:00  Command Center, Engineering Bay  
  141  14:01  Supply Depot  
  141  14:03  SCV  
  142  14:15  SCV  
  143  14:27  SCV  
  143  14:28  Hellion  
  143  14:31  Cyclone x3  
  155  14:33  SCV  
  152  14:39  SCV  
  152  14:45  SCV  
  150  14:57  SCV  
  151  15:03  Cyclone x3  
  156  15:20  Mag-Field Accelerator  
  156  15:22  Hellion x2  
  160  15:35  Cyclone x3  
  169  15:41  Planetary Fortress  
  157  15:44  Hellion x2  
  161  15:51  Refinery  
  161  15:52  Refinery  
  152  16:07  Cyclone x3  
  161  16:25  Hellion x2  
  165  16:39  Cyclone, Thor x2  
  180  16:47  Hellion x2  
  184  17:08  Widow Mine x2  
  188  17:11  Thor  
  192  17:22  Widow Mine x2  
  192  17:29  Widow Mine  
  194  17:34  Supply Depot  
  194  17:36  Supply Depot  
  194  17:40  Supply Depot  
Show
View Real Time Build Order
Export as new Build Order

A.I. 1 (Elite) Zerg 

Build Orders: Pool First 

Get SALT Encoding   

  12  0:00  Drone  
  13  0:12  Overlord  
  13  0:16  Drone  
  14  0:30  Drone x2  
  16  0:43  Spawning Pool  
  16  0:44  Drone  
  16  0:48  Drone  
  17  1:10  Hatchery  
  16  1:12  Drone  
  16  1:14  Extractor  
  16  1:18  Drone  
  17  1:21  Drone  
  18  1:28  Drone  
  19  1:38  Overlord  
  19  1:47  Queen  
  19  1:49  Drone  
  22  2:00  Zergling x2  
  23  2:10  Drone  
  24  2:21  Drone  
  25  2:23  Queen  
  25  2:24  Roach Warren  
  25  2:25  Extractor  
  25  2:29  Drone  
  26  2:35  Drone  
  27  2:43  Overlord  
  27  2:48  Drone  
  27  2:50  Zergling x2  
  28  2:54  Drone  
  28  2:57  Drone  
  30  2:59  Drone  
  30  3:03  Drone  
  32  3:07  Zergling x2  
  32  3:09  Zergling x2  
  34  3:16  Roach  
  34  3:19  Roach  
  38  3:26  Roach  
  38  3:27  Roach  
  42  3:28  Drone  
  42  3:32  Drone  
  44  3:37  Overlord  
  43  3:47  Lair  
  43  3:55  Zergling x2  
  43  3:56  Drone x3  
  43  4:00  Overlord  
  47  4:03  Drone  
  47  4:05  Drone  
  47  4:07  Drone  
  51  4:10  Drone  
  51  4:18  Zergling x2, Drone x2  
  51  4:19  Zergling x2  
  51  4:20  Zergling x2  
  56  4:29  Overlord  
  56  4:31  Roach  
  58  4:36  Overlord  
  58  4:47  Roach, Hydralisk Den, Drone x2  
  58  4:48  Drone  
  62  5:02  Overlord  
  62  5:05  Evolution Chamber  
  62  5:06  Drone  
  62  5:10  Evolution Chamber, Drone  
  62  5:12  Drone  
  62  5:13  Drone  
  64  5:16  Roach, Hydralisk x3  
  64  5:19  Hydralisk  
  64  5:20  Lurker Den, Roach  
  75  5:22  Drone  
  75  5:27  Overlord  
  76  5:33  Drone x2  
  76  5:34  Infestation Pit, Drone  
  78  5:36  Drone  
  78  5:38  Drone  
  78  5:40  Drone  
  81  5:45  Roach, Overlord  
  83  5:53  Extractor, Drone  
  81  5:59  Extractor  
  81  6:00  Drone  
  81  6:01  Zerg Missile Weapons Level 1  
  81  6:07  Hatchery  
  81  6:10  Infestor  
  82  6:15  Drone x3  
  85  6:22  Drone x3  
  85  6:24  Overlord, Infestor  
  90  6:29  Drone  
  90  6:31  Drone  
  90  6:39  Zerg Ground Armor Level 1  
  85  6:43  Hydralisk  
  85  6:44  Spine Crawler  
  85  6:45  Drone  
  81  6:48  Hydralisk  
  81  6:53  Hydralisk  
  82  6:56  Roach  
  82  7:00  Drone x3  
  81  7:04  Drone  
  81  7:06  Drone  
  68  7:11  Spine Crawler  
  68  7:12  Drone x3  
  68  7:15  Drone  
  68  7:16  Overseer  
  68  7:17  Drone  
  68  7:19  Drone  
  68  7:26  Hydralisk  
  68  7:27  Hydralisk  
  68  7:29  Drone  
  64  7:37  Zergling x2  
  64  7:38  Hydralisk  
  64  7:40  Drone  
  66  7:46  Infestor, Drone  
  66  7:47  Drone  
  66  7:49  Zergling x2  
  66  7:51  Drone  
  67  7:53  Drone  
  62  7:59  Hydralisk  
  62  8:00  Roach  
  62  8:02  Drone  
  65  8:10  Roach, Hydralisk  
  64  8:12  Roach  
  64  8:15  Hydralisk  
  64  8:16  Drone x2  
  68  8:21  Drone  
  68  8:22  Drone  
  68  8:23  Roach  
  68  8:26  Overseer  
  70  8:32  Zergling x2  
  70  8:33  Zergling x2, Hydralisk  
  63  8:43  Roach, Hydralisk  
  63  8:44  Drone  
  63  8:47  Infestor  
  63  8:48  Roach, Drone  
  70  8:54  Zergling x2  
  70  8:55  Roach, Drone  
  73  9:04  Drone  
  73  9:06  Roach, Drone  
  77  9:10  Ravager  
  77  9:15  Drone  
  77  9:17  Roach, Drone  
  82  9:19  Spire, Roach, Drone  
  82  9:21  Drone  
  85  9:25  Drone  
  85  9:27  Drone  
  85  9:29  Drone  
  88  9:36  Drone  
  88  9:37  Extractor  
  88  9:38  Drone  
  89  9:39  Drone  
  89  9:40  Ravager  
  89  9:44  Extractor  
  90  9:47  Overlord  
  90  9:49  Drone  
  90  9:50  Drone  
  90  9:51  Roach, Drone  
  95  9:56  Zerg Missile Weapons Level 2  
  95  9:57  Drone  
  95  9:59  Drone  
  97  10:01  Drone  
  97  10:02  Hatchery  
  95  10:08  Zergling x2  
  95  10:10  Drone  
  95  10:12  Overlord  
  95  10:13  Zerg Ground Armor Level 2  
  97  10:19  Glial Reconstitution, Drone  
  97  10:21  Drone  
  99  10:23  Roach, Infestor, Drone x2  
  99  10:25  Pneumatized Carapace  
  105  10:28  Spore Crawler  
  105  10:30  Zergling x2  
  105  10:32  Drone  
  105  10:34  Drone  
  98  10:40  Hydralisk  
  98  10:42  Hydralisk  
  102  10:44  Spore Crawler  
  102  10:45  Drone  
  102  10:48  Spine Crawler  
  100  10:51  Drone  
  100  10:53  Zergling x2  
  100  10:54  Zergling x4, Roach  
  104  10:57  Roach  
  104  11:02  Zergling x2  
  104  11:04  Zergling x2  
  106  11:07  Zergling x2  
  107  11:12  Overlord  
  107  11:14  Zergling x4  
  107  11:17  Hydralisk  
  109  11:23  Zergling x2  
  109  11:25  Drone  
  104  11:26  Drone  
  104  11:27  Hydralisk  
  104  11:31  Drone  
  106  11:32  Drone  
  106  11:35  Drone x2  
  99  11:40  Hatchery, Hydralisk  
  99  11:45  Drone  
  99  11:46  Drone  
  96  11:51  Drone  
  90  11:55  Roach  
  90  11:57  Zergling x4, Infestor  
  90  11:58  Drone  
  92  12:03  Zergling x2  
  92  12:06  Hydralisk  
  92  12:07  Drone  
  91  12:13  Drone  
  90  12:16  Overseer  
  90  12:17  Drone  
  90  12:18  Drone  
  90  12:24  Hydralisk  
  90  12:28  Drone  
  90  12:29  Extractor, Zergling x2, Roach, Ravager  
  97  12:30  Roach, Drone  
  97  12:31  Ravager  
  97  12:36  Roach  
  102  12:38  Infestor  
  102  12:40  Zergling x2  
  102  12:42  Metabolic Boost  
  101  12:46  Extractor, Roach  
  101  12:47  Zerg Melee Weapons Level 1  
  101  12:48  Extractor, Overseer  
  101  12:49  Overlord  
  101  12:50  Roach  
  103  12:52  Roach  
  103  12:56  Hydralisk  
  104  13:00  Corruptor, Drone  
  104  13:01  Zergling x2, Roach, Infestor  
  104  13:03  Zergling x2  
  104  13:08  Hydralisk  
  104  13:11  Roach  
  104  13:12  Roach  
  108  13:14  Roach, Overseer  
  108  13:19  Overlord  
  106  13:21  Roach  
  106  13:22  Zergling x2  
  106  13:24  Zergling x2  
  108  13:30  Roach  
  108  13:32  Drone  
  108  13:33  Zergling x2, Infestor, Drone  
  108  13:34  Zergling x2  
  109  13:35  Drone  
  105  13:42  Drone  
  105  13:43  Drone  
  105  13:44  Drone  
  105  13:46  Drone  
  102  13:52  Drone  
  102  13:53  Drone  
  102  13:54  Drone  
  97  13:56  Drone  
  92  14:03  Corruptor, Drone  
  92  14:04  Zergling x2  
  92  14:05  Zergling x6  
  92  14:07  Zergling x2  
  98  14:14  Hydralisk  
  98  14:15  Roach, Corruptor  
  102  14:18  Drone  
  101  14:25  Zergling x2, Drone  
  101  14:27  Drone  
  101  14:28  Drone, Ravager  
  106  14:36  Drone  
  106  14:37  Drone  
  103  14:42  Drone  
  104  14:47  Drone  
  105  14:53  Drone  
  105  14:56  Drone  
  107  15:00  Drone  
  107  15:03  Drone  
  107  15:06  Drone  
  109  15:09  Drone  
  109  15:12  Drone  
  111  15:19  Drone  
  57  15:58  Zergling x2  
  56  16:09  Zergling x2, Roach, Hydralisk x2  
  33  17:08  Hatchery  
  16  17:45  Drone  
Tags
 
Add a new tag
Caveats
  • Supply blocks, unpowered buildings, or Contaminate may cause inaccurate times.
  • Supply counts are checked every 10 seconds.